 Dungeon Crawl Stone Soup version 0.23-a0-767-gdc19b93d68 (webtiles) character file.

56 LLavrengius the Changer (level 3, -6/23 HPs)
             Began as an Octopode Transmuter on Jan 25, 2019.
             Mangled by a goblin
             ... wielding a +0 club
             ... led by Robin
              (7 damage)
             ... on level 2 of the Dungeon.
             The game lasted 00:03:26 (1779 turns).

LLavrengius the Changer (Octopode Transmuter)       Turns: 1779, Time: 00:03:26

Health: -6/23      AC:  1    Str: 12    XL:     3   Next: 97%
Magic:  6/6        EV: 13    Int: 16    God:
Gold:   119        SH:  0    Dex: 12    Spells: 0/6 levels left

rFire    . . .     SeeInvis .     - Unarmed
rCold    . . .     Gourm    .   (no shield)
rNeg     . . .     Faith    .   (helmet restricted)
rPois    .         Spirit   .   (no amulet)
rElec    .         Reflect  .   g - +3 ring of strength
rCorr    .         Harm     .   (no ring)
MR       .....                  (no ring)
Stlth    ++........             (no ring)
HPRegen  0.07/turn              (no ring)
MPRegen  0.10/turn              (no ring)
                                (no ring)
                                (no ring)

@: no status effects
A: almost no armour, stealthy swim, amphibious, 8 rings, constrict 8, camouflage
1, gelatinous body 1
a: no special abilities


You were on level 2 of the Dungeon.
You were hungry.

You visited 1 branch of the dungeon, and saw 2 of its levels.

You collected 119 gold pieces.

Inventory:

Missiles
 a - 12 arrows
Jewellery
 g - a +3 ring of strength (left tentacle)
Scrolls
 b - 2 scrolls of remove curse {unknown}
 d - a scroll of amnesia {unknown}
 e - a scroll of random uselessness {unknown}
 i - a scroll of immolation {unknown}
 l - 5 scrolls of identify {unknown}
 m - a scroll of enchant weapon {unknown}
 n - a scroll of fear {unknown}
 o - a scroll of teleportation {unknown}
Potions
 f - 3 potions of haste {unknown}
 h - a potion of brilliance {unknown}
 j - a potion of agility
 k - 3 potions of curing {unknown}
 p - a potion of mutation {unknown}
Comestibles
 c - 4 rations


   Skills:
 - Level 1.0 Fighting
 - Level 2.0 Dodging
 - Level 3.0 Unarmed Combat
 - Level 2.0 Spellcasting
 + Level 3.8 Transmutations
 + Level 1.4 Poison Magic


You couldn't memorise any spells.
You knew the following spells:

 Your Spells              Type           Power        Failure   Level  Hunger
a - Beastly Appendage     Tmut           ##....       4%          1    #......
b - Sticks to Snakes      Tmut           ##......     6%          2    ###....
c - Spider Form           Tmut/Pois      ##........   22%         3    ###....

Your spell library contained the following spells:

 Spells                   Type           Power        Failure   Level  Hunger
 Ice Form                 Ice/Tmut       #.......     67%         4    #####..
 Blade Hands              Tmut           ##........   75%         5    ######.


Dungeon Overview and Level Annotations

Branches:
Dungeon (2/15)

Altars:

Annotations:
D:2 Robin


Innate Abilities, Weirdness & Mutations

You cannot wear most types of armour.
You are very stealthy in the water. (Stealth+)
You are amphibious.
You can wear up to eight rings at the same time.
You can use your tentacles to constrict eight enemies at once.
Your skin changes colour to match your surroundings (Stealth+).
Your rubbery body absorbs attacks. (AC +1, EV +1)


Message History

Robin is wielding a +1 trident of protection.
Robin shouts!
The hobgoblin shouts!
The leopard gecko hisses angrily.
The hobgoblin barely misses you. Robin throws the goblin at you!
You tentacle-slap the hobgoblin. Your grab misses the hobgoblin.
Your squeeze misses the hobgoblin.
The hobgoblin is severely wounded.
The hobgoblin hits you. The goblin hits you with a +0 club.
You are too injured to fight recklessly!
Unknown command.
The goblin hits you with a +0 club.
Robin roars a battlecry!
The goblins go into a battle-frenzy!
You see here a scroll labeled OMY KOUXAUB.
Robin throws the goblin at you! The goblin hits you with a +0 club.
* * * LOW HITPOINT WARNING * * *
You see here a rat corpse.
Robin drinks a potion.
Robin suddenly seems more agile.
The goblin hits you with a +0 club!
You die...

.# ### #..#.. ##.##..# ##.#..
#.......## #.#.# #....# ..##
#...# #...# ...# #...# #..#
##..# #.... #.####..#
##..##.#########...#
#ggg....###.).##..............
......##g..g.gg@...#######.###.#
..g.g #.......g#..## #.# #.#
.g.. #.......###.########.###..
... #.......# ...............
......#.......# ........#####. ^
....#####...# ......†.##.##.
........#...# ...........#..
............# .............#
............# .............#


You could see Robin, a hobgoblin and 3 goblins.

Vanquished Creatures
  An adder (D:2)
  An ooze (D:1)
  A worm (D:2)
  A dart slug (D:1)
  2 leopard geckos
  3 bats
  6 goblins
  4 hobgoblins
  3 jackals (D:1)
  A frilled lizard (D:1)
  8 kobolds
  4 rats
35 creatures vanquished.

Notes
Turn   | Place    | Note
-------+----------+-------------------------------------------
     0 | D:1      | LLavrengius the Octopode Transmuter began the quest for the
                  | Orb.
     0 | D:1      | Reached XP level 1. HP: 13/13 MP: 3/3
   199 | D:1      | Reached XP level 2. HP: 17/18 MP: 5/5
   818 | D:1      | Reached XP level 3. HP: 23/23 MP: 6/6
  1137 | D:2      | Learned a level 2 spell: Sticks to Snakes
  1141 | D:2      | Learned a level 3 spell: Spider Form
  1560 | D:2      | Reached skill level 1 in Poison Magic
  1770 | D:2      | Noticed Robin
  1778 | D:2      | HP: 1/23 [goblin/+0 club[Robin] (6)]
  1779 | D:2      | Mangled by a goblin

Vault maps used:
D:1:      eino_arrival_water_cross, hangedman_abyss_or_decor_lesser_grid
D:2:      minmay_cupped, uniq_robin

Skill      XL: |  1  2  3 |
---------------+----------+-----
Transmutations | 3 |  3.8
Poison Magic   | 1 |  1.4
Fighting       | |  1.0
Dodging        | |  2.0
Unarmed Combat | |  3.0
Spellcasting   | |  2.0

Action                   || total
-------------------------++-------
Melee: Unarmed           ||    91
       Constrict         ||    23
       Tentacles         ||    14
       Punch             ||     3
 Stab: Sleeping          ||     5
  Eat: Chunk             ||     2
Armor: Skin              ||     6
Dodge: Dodged            ||    42

Table legend:
 A = Non-vault XP
 B = Vault XP
 C = Vault XP percentage of total XP
 D = Non-vault monster count
 E = Vault monster count
 F = Vault count percentage of total count
                 A         B        C        D         E       F
            +---------+---------+-------+---------+---------+-------
      Total |      76 |       5 |   6.2 |      32 |       3 |   8.6
            +---------+---------+-------+---------+---------+-------
        D:1 |      40 |       0 |   0.0 |      20 |       0 |   0.0
        D:2 |      36 |       5 |  12.2 |      12 |       3 |  20.0
            +---------+---------+-------+---------+---------+-------
